 Dungeon Crawl Stone Soup version 0.27.1-33-g824d729ab1 (webtiles) character file.

Game seed: 15778046506307799387

2950 Kranky the Thaumaturge (level 9, -8/68 HPs)
             Began as a Gnoll Wanderer on Dec 3, 2021.
             Was a Follower of the Shining One.
             Killed from afar by a gargoyle (27 damage)
             ... with a stone arrow
             ... on level 8 of the Dungeon.
             The game lasted 00:23:58 (9767 turns).

Kranky the Thaumaturge (Gnoll Wanderer)             Turns: 9767, Time: 00:23:59

Health: -8/68      AC: 17    Str: 14    XL:     9   Next: 81%
Magic:  21/21      EV:  5    Int: 11    God:    the Shining One [*.....]
Gold:   416        SH:  0    Dex: 13    Spells: 24/25 levels left

rFire    . . .     SeeInvis .   y - +4 long sword of the Enemy {freeze, Contam rElec rN+}
rCold    . . .     Faith    .   (no shield)
rNeg     + . .     Spirit   .   j - +0 plate armour
rPois    +         Reflect  .   D - +2 helmet
rElec    +         Harm     .   m - +0 cloak
rCorr    .         Rampage  .   M - +0 pair of gloves
Will     +....                  (no boots)
Stlth    ..........             I - amulet of the acrobat
HPRegen  0.21/turn              k - ring of willpower
MPRegen  0.17/turn              l - ring of poison resistance

@: glowing
A: fangs 1, strong nose, distributed training
a: Renounce Religion


You were on level 8 of the Dungeon.
You worshipped the Shining One.
The Shining One was aware of your devotion.
You visited 2 branches of the dungeon, and saw 9 of its levels.

You collected 416 gold pieces.

Inventory:

Hand Weapons
 a - a +0 hand crossbow {2}
 f - a +1 whip of pain {1}
 n - a +0 dagger of venom
 o - a +1 long sword of holy wrath
 y - the +4 long sword of the Enemy (weapon) {freeze, Contam rElec rN+}
   (You found it on level 4 of the Dungeon)

   It freezes those it strikes, dealing additional cold damage.
   It can also slow down cold-blooded creatures.
   rElec:     It insulates you from electricity.
   rN:        It protects you from negative energy.
   Contam:    It causes magical contamination when unequipped.
 z - a +2 dagger of speed
Missiles
 b - 49 bolts
 r - 13 poisoned darts (quivered)
Armour
 j - a +0 plate armour (worn)
 m - a +0 cloak (worn)
 t - a +0 leather armour of cold resistance
 D - a +2 helmet (worn)
 M - a +0 pair of gloves (worn)
Jewellery
 k - a ring of willpower (left hand)
 l - a ring of poison resistance (right hand)
 q - an amulet of faith
 w - an amulet of reflection
 I - an amulet of the acrobat (around neck)
Wands
 H - a wand of polymorph (9)
 K - a wand of charming (10)
 L - a wand of flame (21)
Scrolls
 c - 2 scrolls of amnesia {unknown}
 d - 4 scrolls of noise
 e - a scroll of brand weapon {unknown}
 g - a scroll of identify
 h - a scroll of fog
 s - a scroll of enchant weapon {unknown}
 v - 2 scrolls of teleportation
 A - a scroll of blinking {unknown}
 B - a scroll of enchant armour {unknown}
Potions
 i - a potion of ambrosia {unknown}
 p - 4 potions of curing
 u - a potion of invisibility {unknown}
 x - 2 potions of flight
 C - a potion of lignification
 E - a potion of might
 F - 2 potions of brilliance {unknown}
 G - a potion of degeneration {unknown}
 J - 3 potions of resistance


   Skills:
 + Level 5.3 Fighting
 + Level 4.6 Short Blades
 + Level 4.6 Long Blades
 + Level 4.6 Axes
 + Level 4.6 Maces & Flails
 + Level 4.6 Polearms
 + Level 4.6 Staves
 + Level 4.6 Slings
 + Level 4.6 Bows
 + Level 6.5 Crossbows
 + Level 5.3 Throwing
 + Level 4.6 Armour
 + Level 4.6 Dodging
 + Level 5.2 Stealth
 + Level 4.6 Shields
 + Level 4.6 Unarmed Combat
 + Level 8.6 Spellcasting
 + Level 3.8 Conjurations
 + Level 3.8 Hexes
 + Level 3.8 Summonings
 + Level 3.8 Necromancy
 + Level 3.8 Translocations
 + Level 3.8 Transmutations
 + Level 4.4 Fire Magic
 + Level 4.4 Ice Magic
 + Level 3.8 Air Magic
 + Level 3.8 Earth Magic
 + Level 3.8 Poison Magic
 + Level 5.0 Invocations
 + Level 4.6 Evocations


You had 24 spell levels left.
You knew the following spells:

 Your Spells              Type           Power      Damage    Failure   Level
a - Magic Dart            Conj           52%        1d5       95%         1

Your spell library contained the following spells:

 Spells                   Type           Power      Damage    Failure   Level
 Animate Skeleton         Necr           26%        N/A       95%         1
 Apportation              Tloc           26%        N/A       95%         1
 Corona                   Hex            14%        N/A       95%         1
 Summon Small Mammal      Summ           52%        N/A       95%         1
 Blink                    Tloc           N/A        N/A       98%         2
 Call Imp                 Summ           13%        N/A       98%         2
 Passwall                 Tmut/Erth      10%        N/A       98%         2
 Slow                     Hex            13%        N/A       98%         2
 Confusing Touch          Hex            13%        N/A       100%        3
 Conjure Flame            Conj/Fire      13%        6-21      100%        3
 Gell's Gravitas          Tloc           6%         N/A       100%        3
 Mephitic Cloud           Conj/Pois/Air  13%        N/A       100%        3
 Swiftness                Air            13%        N/A       100%        3
 Teleport Other           Tloc           13%        N/A       100%        3
 Vampiric Draining        Necr           6%         2d6       100%        3
 Dispersal                Tloc           6%         N/A       100%        6
 Invisibility             Hex            6%         N/A       100%        6


Dungeon Overview and Level Annotations

Branches:
Dungeon (8/15)             Temple (1/1) D:4
   Lair: D:8-11

Altars:
Ashenzari
Cheibriados
Dithmenos
Elyvilon
Fedhas
Gozag
Hepliaklqana
Kikubaaqudgha
Makhleb
Nemelex Xobeh
Okawaru
Qazlal
Ru
Sif Muna
Trog
Uskayaw
Vehumet
Wu Jian
Xom
Yredelemnul
The Shining One

Shops:
D:4 ?

Annotations:
D:2 1 runed translucent door, Crazy Yiuf


Innate Abilities, Weirdness & Mutations

You have very sharp teeth.
Your uncanny sense of smell can sniff out nearby items.
Your experience applies equally to all skills.


Message History

You hit the gargoyle but do no damage. Your bite misses the gargoyle.
The gargoyle hits you with a +0 mace!
The gargoyle hits you but does no damage.
You hit the gargoyle. You freeze the gargoyle.
The gargoyle is lightly damaged.
The gargoyle hurls a stone arrow at you.
The stone arrow hits you.
Things that are here:
a +0 dagger; a +0 robe The gargoyle hurls a stone arrow at you.
The stone arrow misses you.
The gargoyle hurls a stone arrow at you.
The stone arrow misses you.
An orc comes into view. It is wielding a +3 flail.
The orc shouts!
You hear a shout!
An orc comes into view. It is wielding a +0 flail.
The orc moves out of view.
An orc wizard comes into view. It is wielding a +0 dagger.
The orc wizard shouts! 2 orcs come into view.
The orc shouts! x3
An orc wizard comes into view.
It is wielding a +2 dagger of distortion.
An orc comes into view. It is wielding a +0 whip.
An orc comes into view. It is wielding a +0 dagger.
The gargoyle hurls a stone arrow at you.
The stone arrow misses you.
You hit the gargoyle. You freeze the gargoyle.
The gargoyle is lightly damaged.
The gargoyle barely misses you. The gargoyle closely misses you.
The gargoyle hits you with a +0 mace!
The gargoyle hurls a stone arrow at you.
The stone arrow hits you.
* * * LOW HITPOINT WARNING * * *
The gargoyle hurls a stone arrow at you.
The stone arrow misses you.
There is a stone staircase leading up here.
The gargoyle hurls a stone arrow at you.
The stone arrow hits you!!
You die...

#.## #......# #.# #..#
#......# ##.## ##.#
#.##.#.####...# #.#
#.#....<..#)..# #.#
#.#...........#
#.###......##[#.#.######
#.##(.........#........#
#.##..........#...####.#
#......@.....##...####.#
######............#.....
#...........##.##.#
#.9..##.###.##.##.#
#..o.†..# #........
###o##### ###..###.
#..o# #....#. #...#
#####.##.#. #...#
#......#.#.


You could see a gargoyle, an orc wizard and 2 orcs.

Vanquished Creatures
  Prince Ribbit (D:6)
  A hornet (D:8)
  Eustachio (D:4)
  A wyvern (D:6)
  A steam dragon (D:8)
  A necrophage (D:4)
  2 ice beasts
  A black bear (D:6)
  A centaur (D:6)
  A kobold brigand (D:7)
  3 scorpions (D:7)
  A wyvern skeleton (D:7)
  A water moccasin skeleton (D:5)
  5 killer bees (D:7)
  6 electric eels (D:7)
  A jelly (D:6)
  4 howler monkeys
  A centaur zombie (D:4)
  A gnoll shaman (D:5)
  A centaur skeleton (D:6)
  3 hounds (D:6)
  2 orc priests
  Natasha (thrice) (D:4)
  An iguana (D:5)
  3 orc wizards
  A hound zombie (D:5)
  2 hound skeletons
  Robin (D:2)
  6 gnolls
  6 adders
  4 white imps
  2 adder skeletons (D:4)
  2 worms
  A dart slug (D:3)
  11 orcs
  4 ball pythons
  6 endoplasms
  16 goblins
  5 hobgoblins
  12 jackals
  10 kobolds
  A quokka (D:3)
  5 bats
  2 frilled lizards
  6 rats
150 creatures vanquished.

Vanquished Creatures (others)
  A white imp (D:7)
  3 plants (D:6)
4 creatures vanquished.

Grand Total: 154 creatures vanquished

Notes
Turn   | Place    | Note
-------+----------+-------------------------------------------
     0 | D:1      | Kranky the Gnoll Wanderer began the quest for the Orb.
     0 | D:1      | Kranky set off with the following items: a +0 hand
                  | crossbow, 28 bolts, a +0 robe; and the following spells
                  | available to memorise: Apportation, Magic Dart, Blink, Call
                  | Imp, Slow, Conjure Flame, Mephitic Cloud, Teleport Other
     0 | D:1      | Reached XP level 1. HP: 17/17 MP: 8/8
     2 | D:1      | Learned a level 1 spell: Magic Dart
   499 | D:1      | Found a faded altar of an unknown god.
   540 | D:2      | Reached XP level 2. HP: 23/23 MP: 10/10
   602 | D:2      | Reached XP level 3. HP: 10/28 MP: 11/11
  1061 | D:2      | Noticed Robin
  1266 | D:2      | Killed Robin
  1267 | D:2      | Reached skill level 1 in Invocations
  1327 | D:2      | Reached skill level 1 in Short Blades
  1327 | D:2      | Reached skill level 1 in Long Blades
  1327 | D:2      | Reached skill level 1 in Axes
  1327 | D:2      | Reached skill level 1 in Maces & Flails
  1327 | D:2      | Reached skill level 1 in Polearms
  1327 | D:2      | Reached skill level 1 in Staves
  1327 | D:2      | Reached skill level 1 in Slings
  1327 | D:2      | Reached skill level 1 in Bows
  1327 | D:2      | Reached skill level 1 in Armour
  1327 | D:2      | Reached skill level 1 in Dodging
  1327 | D:2      | Reached skill level 1 in Shields
  1327 | D:2      | Reached skill level 1 in Unarmed Combat
  1327 | D:2      | Reached skill level 1 in Evocations
  1458 | D:2      | Found a runed translucent door.
  1459 | D:2      | Noticed Crazy Yiuf
  1707 | D:2      | Reached XP level 4. HP: 12/34 MP: 13/13
  2725 | D:3      | Reached skill level 1 in Conjurations
  2725 | D:3      | Reached skill level 1 in Hexes
  2725 | D:3      | Reached skill level 1 in Summonings
  2725 | D:3      | Reached skill level 1 in Necromancy
  2725 | D:3      | Reached skill level 1 in Translocations
  2725 | D:3      | Reached skill level 1 in Transmutations
  2725 | D:3      | Reached skill level 1 in Air Magic
  2725 | D:3      | Reached skill level 1 in Earth Magic
  2725 | D:3      | Reached skill level 1 in Poison Magic
  2965 | D:3      | Reached XP level 5. HP: 32/40 MP: 14/14
  3496 | D:4      | Noticed Eustachio
  3519 | D:4      | Killed Eustachio
  3520 | D:4      | Reached skill level 5 in Crossbows
  3520 | D:4      | Reached XP level 6. HP: 25/47 MP: 16/16
  3688 | D:4      | Noticed a necrophage
  3732 | D:4      | Killed a necrophage
  3957 | D:4      | Found a bloodstained altar of Trog.
  3983 | D:4      | Noticed Natasha
  3997 | D:4      | Killed Natasha
  4077 | D:4      | Reached XP level 7. HP: 40/52 MP: 18/18
  4206 | D:4      | Found Limn's Magic Scroll Emporium.
  4308 | D:4      | Found a basalt altar of Yredelemnul.
  4415 | D:4      | Identified the +4 long sword of the Enemy {freeze, Contam
                  | rElec rN+}
  4551 | D:4      | Noticed Natasha
  4557 | D:4      | Killed Natasha
  4578 | D:4      | Found a glowing golden altar of the Shining One.
  4734 | D:4      | Found a staircase to the Ecumenical Temple.
  4804 | D:4      | Noticed Natasha
  4814 | D:4      | Killed Natasha
  4829 | Temple   | Entered the Ecumenical Temple
  5088 | D:4      | Became a worshipper of the Shining One
  5209 | D:5      | Entered Level 5 of the Dungeon
  5924 | D:5      | Reached XP level 8. HP: 46/60 MP: 19/19
  6469 | D:5      | Reached * piety under the Shining One
  6577 | D:6      | Found an ornate altar of the Wu Jian Council.
  6840 | D:6      | Found a broken altar of Ashenzari.
  6842 | D:6      | Found a shimmering blue altar of Sif Muna.
  6842 | D:6      | Found a sacrificial altar of Ru.
  6844 | D:6      | Noticed Prince Ribbit
  6853 | D:6      | Killed Prince Ribbit
  6854 | D:6      | Reached skill level 8 in Spellcasting
  7124 | D:6      | Found a white marble altar of Elyvilon.
  7124 | D:6      | Found a blossoming altar of Fedhas.
  7125 | D:6      | Found a stormy altar of Qazlal.
  7207 | D:6      | Found a burning altar of Makhleb.
  7642 | D:7      | Reached XP level 9. HP: 56/66 MP: 21/21
  8299 | D:7      | Reached skill level 5 in Fighting
  8299 | D:7      | Reached skill level 5 in Throwing
  8380 | D:7      | Reached skill level 5 in Stealth
  8969 | D:7      | Found a hide-covered altar of Uskayaw.
  9669 | D:8      | Noticed a hornet
  9681 | D:8      | Killed a hornet
  9682 | D:8      | Reached skill level 5 in Invocations
  9725 | D:8      | Noticed a gargoyle
  9767 | D:8      | Killed from afar by a gargoyle

Illustrated notes

Levels and vault maps discovered:
D:1:      nzn_arrival_depleted_hourglass, layout_basic, basic_ecumenical_altar
D:2:      layout_loops_ring, uniq_crazy_yiuf_cottage, uniq_robin
D:3:      layout_loops_ring, minmay_crystal_water
D:4:      layout_cave_pools, marbit_many_paths, nicolae_overflow_hidden_temple,
          nicolae_tso_carved_into_rock, minmay_temple_entry_wispy, serial_shops,
          nicolae_take_the_stairs, uniq_eustachio, uniq_natasha
D:5:      layout_rooms
D:6:      layout_basic, gammafunk_temple_overflow_forgotten,
          makhleb_blood_cavern_becter, grunt_temple_overflow_open,
          mainiacjoe_overflow_cross_hatched, uniq_prince_ribbit1
D:7:      layout_loops_ring, mainiacjoe_overflow_alcove_1, kennysheep_boxes
D:8:      layout_loops_cross, erik_lair_island
Temple:   dpeg_three_leaves_temple

Skill      XL: |  1  2  3  4  5  6  7  8  9 |
---------------+----------------------------+-----
Fire Magic     | 2 3 4 |  4.4
Ice Magic      | 2 3 4 |  4.4
Invocations    | 1 2 3 4 5 |  5.0
Short Blades   | 1 2 3 4 |  4.6
Long Blades    | 1 2 3 4 |  4.6
Axes           | 1 2 3 4 |  4.6
Maces & Flails | 1 2 3 4 |  4.6
Polearms       | 1 2 3 4 |  4.6
Staves         | 1 2 3 4 |  4.6
Slings         | 1 2 3 4 |  4.6
Bows           | 1 2 3 4 |  4.6
Armour         | 1 2 3 4 |  4.6
Dodging        | 1 2 3 4 |  4.6
Shields        | 1 2 3 4 |  4.6
Unarmed Combat | 1 2 3 4 |  4.6
Evocations     | 1 2 3 4 |  4.6
Conjurations   | 1 2 3 |  3.8
Hexes          | 1 2 3 |  3.8
Summonings     | 1 2 3 |  3.8
Necromancy     | 1 2 3 |  3.8
Translocations | 1 2 3 |  3.8
Transmutations | 1 2 3 |  3.8
Air Magic      | 1 2 3 |  3.8
Earth Magic    | 1 2 3 |  3.8
Poison Magic   | 1 2 3 |  3.8
Fighting       | 3 4 5 |  5.3
Throwing       | 3 4 5 |  5.3
Crossbows      | 5 6 |  6.5
Stealth        | 3 4 5 |  5.2
Spellcasting   | 8 |  8.6

Action                   |  1- 3 |  4- 6 |  7- 9 || total
-------------------------+-------+-------+-------++-------
Melee: Whip              |    88 |    62 |       ||   150
       Bite              |     8 |    31 |    22 ||    61
       Dagger            |       |   165 |    18 ||   183
       Punch             |       |     1 |     4 ||     5
       Long sword        |       |    22 |   288 ||   310
 Fire: Hand crossbow     |     9 |     3 |       ||    12
 Cast: Magic Dart        |     1 |       |       ||     1
  Use: Scroll            |       |       |     8 ||     8
Armor: Robe              |     1 |       |       ||     1
       Plate armour      |    62 |   216 |   230 ||   508
Dodge: Dodged            |    15 |    41 |    69 ||   125
Block: Other             |       |    11 |    53 ||    64
       Reflection        |       |       |     4 ||     4
       Rpst.: Long sword |       |     1 |    15 ||    16
